 Dungeon Crawl Stone Soup version 0.21.0-36-ge3e1d5a (webtiles) character file.

35 BoShek the Shield-Bearer (level 3, 33/33 HPs)
             Began as a Minotaur Fighter on Jan 30, 2018.
             Was a Follower of Vehumet.
             Quit the game on level 2 of the Dungeon.
             The game lasted 00:02:54 (1033 turns).

BoShek the Shield-Bearer (Minotaur Fighter)         Turns: 1033, Time: 00:02:54

Health: 33/33      AC:  7    Str: 20    XL:     3   Next: 17%
Magic:  2/2        EV:  7    Int:  5    God:    Vehumet [*.....]
Gold:   33         SH:  9    Dex: 10    Spells: 2/2 levels left

rFire    . . .     SeeInvis .   a - +0 flail
rCold    . . .     Gourm    .   c - +0 shield
rNeg     . . .     Faith    .   b - +0 scale mail
rPois    .         Spirit   .   (helmet restricted)
rElec    .         Reflect  .   (no cloak)
rCorr    .         Harm     .   (no gloves)
MR       .....                  (no boots)
Stlth    ..........             (no amulet)
HPRegen  0.11/turn              (no ring)
MPRegen  0.08/turn              (no ring)

@: no status effects
A: retaliatory headbutt, horns 2
a: Renounce Religion


You were on level 2 of the Dungeon.
You worshipped Vehumet.
Vehumet was aware of your devotion.
You were not hungry.

You visited 1 branch of the dungeon, and saw 2 of its levels.

You collected 33 gold pieces.

Inventory:

Hand Weapons
 a - a +0 flail (weapon)
Armour
 b - a +0 scale mail (worn)
 c - a +0 shield (worn)
Jewellery
 j - an uncursed amulet of faith {unknown}
Scrolls
 h - 2 scrolls of teleportation {unknown}
 i - a scroll of magic mapping {unknown}
 k - 2 scrolls of remove curse {unknown}
 l - 3 scrolls of identify {unknown}
 m - a scroll of fog {unknown}
 n - a scroll of noise {unknown}
Potions
 d - a potion of might
 e - a potion of curing {unknown}
Comestibles
 f - 3 rations
 g - 2 chunks of flesh


   Skills:
 + Level 4.1 Fighting
 + Level 2.9 Maces & Flails
 + Level 4.1 Armour
 + Level 4.1 Shields


You had 2 spell levels left.
You didn't know any spells.

Dungeon Overview and Level Annotations

Branches:
Dungeon (2/15)

Altars:
Cheibriados
Vehumet


Innate Abilities, Weirdness & Mutations

You reflexively headbutt those who attack you in melee.
You have a pair of horns on your head.


Message History

Moving in this stuff is going to be slow.
There is a faded altar of an unknown god here.
You cannot tell which god this altar belongs to.
Convert to them anyway?
Okay, then.
You cannot tell which god this altar belongs to.
Convert to them anyway?
Vehumet accepts your prayer! Vehumet welcomes you!
You can now gain magical power from killing.
Vehumet offers you knowledge of Flame Tongue.
Unknown command.
Press < or > to pray at altars.
Unknown command.
Press < or > to pray at altars.
Unknown command.
Press < or > to pray at altars.
Quiver which item? (- for none, * to show all) (? for menu, Esc to quit)
Okay, then.
Quiver which item? (- for none, * to show all) (? for menu, Esc to quit)
Okay, then.
Are you sure you want to abandon this character and quit the game? (Confirm with "yes".)

####. ...####.....#####
.....≈≈..≈......#
.≈.≈..≈≈.≈..≈≈#.#
....≈≈≈≈≈≈≈≈≈≈.#.#
.....≈≈≈≈≈≈≈≈≈....#
....≈≈≈≈≈≈≈≈≈≈....########
....≈≈≈≈.♣≈≈≈≈≈...).......
....≈≈≈♣@.≈≈≈≈≈..#######.
#.≈≈≈≈♣≈≈≈≈≈≈≈..# #.
#≈.≈≈≈≈≈≈≈≈≈.≈..# #.
#.≈≈≈≈≈≈≈≈≈≈....# #.
#..≈≈≈≈≈≈≈≈≈.≈..# #.
#≈≈...≈≈≈..≈≈.#...#####.
#...≈..≈≈....≈#.........
#####.##.######...######
#....# #.##


There were no monsters in sight!

Vanquished Creatures
  An ooze (D:2)
  A dart slug (D:1)
  A leopard gecko (D:2)
  4 giant cockroaches (D:1)
  3 goblins (D:1)
  5 hobgoblins
  4 bats (D:1)
  2 frilled lizards (D:1)
  A kobold (D:1)
  7 rats
29 creatures vanquished.

Notes
Turn   | Place    | Note
-------+----------+-------------------------------------------
     0 | D:1      | BoShek the Minotaur Fighter began the quest for the Orb.
     0 | D:1      | Reached XP level 1. HP: 19/19 MP: 0/0
   214 | D:1      | Reached XP level 2. HP: 27/27 MP: 1/1
   893 | D:2      | Found a snail-covered altar of Cheibriados.
   899 | D:2      | Reached XP level 3. HP: 33/33 MP: 2/2
  1010 | D:2      | Found a faded altar of an unknown god.
  1032 | D:2      | Became a worshipper of Vehumet
  1032 | D:2      | Reached * piety under Vehumet
  1032 | D:2      | Offered knowledge of Flame Tongue by Vehumet.
  1033 | D:2      | Quit the game

Skill      XL: |  1  2 |
---------------+-------+-----
Shields        | 4 |  4.1
Armour         | 4 |  4.1
Fighting       | 4 |  4.1
Maces & Flails | |  2.9

Action                   || total
-------------------------++-------
Melee: Flail             ||    40
       Headbutt          ||     7
Armor: Scale mail        ||     9
Dodge: Dodged            ||    11
Block: Shield            ||    12
